Nashville Predators vs New York Rangers

Created - Thursday, September 25, 2025 at 07:46

Goals
1 2 3 T
Nashville Predators 1 0 1 2
New York Rangers 1 1 1 3
Shots
1 2 3 T
Nashville Predators 10 11 7 28
New York Rangers 9 8 16 33

1st period

1. New York Rangers , Nathan MacKinnon 26 (Artemi Panarin 26) at 6:32
2. Nashville Predators , Jake Neighbours 16 (Jean-Gabriel Pageau 26) at 9:33

Penalties :
Marcus Foligno (NYR) for Roughing (Minor) at 3:23

2nd period

3. New York Rangers , Artemi Panarin 21 (Cole Caufield 21, Nathan MacKinnon 34) at 19:17

Penalties :
Marcus Foligno (NYR) for Cross-checking (Minor) at 9:30

3rd period

4. New York Rangers , Teuvo Teravainen 9 (Luke Schenn 7, Marcus Foligno 6) at 4:35
5. Nashville Predators , Dmitri Voronkov 20 (Jake Neighbours 22, Jordan Spence 6) at 6:07 (PP)

Penalties :
Jake Walman (NYR) for Roughing (Minor) at 4:58, Marco Kasper (NSH) for Holding (Minor) at 13:08, Timo Meier (NYR) for Tripping (Minor) at 18:26

Goalie Stats

Anthony Stolarz (NSH), 30 saves from 33 shots - (0.909), L, 21-4-1, 58:32 minutes
Igor Shesterkin (NYR), 26 saves from 28 shots - (0.929), W, 21-14-2, 60:00 minutes

Players Stats for Nashville Predators

Player Name              G  A  P  +/- PIM S  H  SB GA TA FO     MP     PP MP  PK MP  
------------------------------------------------------------------------------------
Alex Pietrangelo         0  0  0  -2  0   1  1  2  1  3  0/0    24:51   3:33   1:09 
Brandon Montour          0  0  0  -2  0   1  4  1  1  1  0/0    23:56   3:33   0:00 
Dante Fabbro             0  0  0   0  0   1  0  2  0  1  0/0    20:07   0:00   0:50 
Dmitri Voronkov          1  0  1  -1  0   5  2  0  1  0  0/2    20:17   3:53   0:37 
Eetu Luostarinen         0  0  0  -1  0   3  1  0  0  0  1/1    10:44   0:00   0:53 
Jack Roslovic            0  0  0   0  0   0  0  0  0  0  4/7     9:32   0:00   0:00 
Jake Neighbours          1  1  2  -1  0   4  3  0  2  1  1/3    19:40   3:53   0:00 
Jean-Gabriel Pageau      0  1  1  -1  0   0  1  3  0  0  13/28  20:57   3:53   0:43 
John-Jason Peterka       0  0  0   0  0   1  2  1  1  2  0/0    18:58   2:47   0:00 
Jordan Spence            0  1  1   0  0   0  1  3  0  0  0/0    15:02   3:07   0:00 
Marco Kasper             0  0  0   0  2   2  4  0  2  0  8/22   19:31   2:47   0:00 
Nikita Alexandrov        0  0  0  -1  0   0  1  0  0  0  1/4     9:17   0:00   0:00 
Pius Suter               0  0  0   0  0   1  3  0  0  1  1/1    20:00   2:47   1:02 
Rasmus Andersson         0  0  0   0  0   2  1  0  1  0  0/0    22:45   3:07   1:09 
Robby Fabbri             0  0  0  -1  0   3  0  0  0  0  0/0     9:17   0:00   0:00 
Simon Benoit             0  0  0   0  0   0  5  0  0  2  0/0    13:19   0:00   0:50 
Yegor Chinakhov          0  0  0   0  0   3  0  0  0  0  0/1     9:32   0:00   0:00 
Yegor Sharangovich       0  0  0   0  0   1  1  2  0  0  0/0    10:15   0:00   0:43 

Players Stats for New York Rangers

Player Name              G  A  P  +/- PIM S  H  SB GA TA FO     MP     PP MP  PK MP  
------------------------------------------------------------------------------------
Adam Larsson             0  0  0   0  0   3  1  3  1  2  0/0    22:35   0:00   4:15 
Artemi Panarin           1  1  2   1  0   5  2  1  0  1  0/0    19:51   0:49   0:00 
Cam Fowler               0  0  0   1  0   2  0  3  0  1  0/0    15:37   0:42   0:00 
Cole Caufield            0  1  1   1  0   2  1  1  0  0  1/1    21:48   0:33   1:50 
Conor Garland            0  0  0   0  0   4  1  0  0  0  0/1    14:57   0:55   0:00 
David Kampf              0  0  0   0  0   2  1  0  0  0  2/3    10:04   0:10   3:15 
Dmitry Kulikov           0  0  0   1  0   2  1  0  0  1  0/0    18:55   0:00   3:23 
Dylan Strome             0  0  0   0  0   2  1  0  0  0  9/15   14:57   0:55   0:00 
Jake Walman              0  0  0   0  2   1  1  3  1  1  0/0    22:39   1:17   2:25 
Luke Schenn              0  1  1   1  0   1  2  0  0  1  0/0    17:28   0:00   0:00 
Marcus Foligno           0  1  1   1  4   1  1  1  1  1  0/2    13:34   0:10   1:10 
Mikael Granlund          0  0  0   0  0   0  3  0  1  0  2/4    19:05   1:17   3:37 
Nathan MacKinnon         1  1  2   1  0   4  0  1  4  0  15/28  19:53   0:51   0:00 
Noel Acciari             0  0  0   0  0   0  2  1  0  0  1/2     6:24   0:00   0:00 
Olli Maatta              0  0  0   1  0   0  1  2  0  1  0/0    20:45   0:00   3:17 
Teuvo Teravainen         1  0  1   1  0   2  1  0  0  0  10/13  12:00   0:42   0:00 
Timo Meier               0  0  0   1  2   2  1  0  0  0  0/0    12:29   1:00   0:11 
Tyler Motte              0  0  0   0  0   0  0  0  3  0  0/0    10:15   0:34   3:17 

3 Stars

1 - Artemi Panarin (NYR)
2 - Nathan MacKinnon (NYR)
3 - Jake Neighbours (NSH)

Power Play

Nashville Predators - 1 on 4 Attempt(s) - 25.00%
New York Rangers - 0 on 1 Attempt(s) - 0.00%

Penalty Kill

Nashville Predators - 1 on 1 Attempt(s) - 100.00% - Score 0 goal in Penalty Kill
New York Rangers - 3 on 4 Attempt(s) - 75.00% - Score 0 goal in Penalty Kill

Team Stat

Nashville Predators - Hits : 30 - Faceoff Wins : 29 - Blocked Shots : 14 - Penalty Minutes : 2
New York Rangers - Hits : 20 - Faceoff Wins : 40 - Blocked Shots : 16 - Penalty Minutes : 8

Official

Referees : Cody Beach and Jon Mcisaac
Linesman : Mark Shewchyk and Michel Cormier

Game Notes

No Game Note

Finance

Level 1 -- Attendance: 6000 (100.00%) -- Ticket Income $570,000
Level 2 -- Attendance: 3548 (70.96%) -- Ticket Income $212,880
Level 3 -- Attendance: 2100 (70.00%) -- Ticket Income $79,800
Level 4 -- Attendance: 3500 (70.00%) -- Ticket Income $87,500
Luxury Box -- Attendance: 922 (92.20%) -- Ticket Income $174,258
Game was played at the Madison Square Garden.
Total Attendance: 16070 (80.35%)
Total Ticket Income: $1,124,438
Other Income: $393,553
Total Income: $1,517,991

Nashville Predators

5 vs 5 Forward 
   Center                   Left Wing                Right Wing               Time % Phy DF OF 
 1 Marco Kasper             John-Jason Peterka       Pius Suter               35     0   1  4  
 2 Jean-Gabriel Pageau      Dmitri Voronkov          Jake Neighbours          35     0   2  3  
 3 Jack Roslovic            Yegor Sharangovich       Yegor Chinakhov          15     0   2  3  
 4 Nikita Alexandrov        Eetu Luostarinen         Robby Fabbri             15     0   3  2  

5 vs 5 Defense 
   Defense                  Defense                                           Time % Phy DF OF 
 1 Alex Pietrangelo         Brandon Montour                                   40     1   2  2  
 2 Dante Fabbro             Rasmus Andersson                                  36     1   4  0  
 3 Jordan Spence            Simon Benoit                                      24     0   5  0  
 4 Dante Fabbro             Brandon Montour                                   0      1   3  1  

PowerPlay Forward 
   Center                   Left Wing                Right Wing               Time % Phy DF OF 
 1 Marco Kasper             John-Jason Peterka       Pius Suter               65     1   1  3  
 2 Jean-Gabriel Pageau      Dmitri Voronkov          Jake Neighbours          35     1   1  3  

PowerPlay Defense
   Defense                  Defense                                           Time % Phy DF OF 
 1 Brandon Montour          Alex Pietrangelo                                  50     1   1  3  
 2 Jordan Spence            Rasmus Andersson                                  50     2   2  1  

Penalty Kill 4 Players Forward 
   Center                   Wing                     Time % Phy DF OF 
 1 Jean-Gabriel Pageau      Pius Suter               65     1   2  2  
 2 Nikita Alexandrov        Eetu Luostarinen         35     1   2  2  

Penalty Kill 4 Players Defense
   Defense                  Defense                  Time % Phy DF OF 
 1 Alex Pietrangelo         Rasmus Andersson         60     2   3  0  
 2 Simon Benoit             Dante Fabbro             40     1   3  1  

Penalty Kill - 3 Players Forward 
   Forward                                           Time % Phy DF OF 
 1 Jean-Gabriel Pageau                               50     1   2  2  
 2 Pius Suter                                        50     1   2  2  

Penalty Kill - 3 Players Defense
   Defense                  Defense                  Time % Phy DF OF 
 1 Alex Pietrangelo         Rasmus Andersson         50     1   2  2  
 2 Simon Benoit             Dante Fabbro             50     1   2  2  

4 vs 4 Forward 
   Center                   Wing                     Time % Phy DF OF 
 1 Jean-Gabriel Pageau      Pius Suter               50     1   2  2  
 2 Nikita Alexandrov        Eetu Luostarinen         50     1   2  2  

4 vs 4 Defense
   Defense                  Defense                  Time % Phy DF OF 
 1 Rasmus Andersson         Alex Pietrangelo         60     2   2  1  
 2 Dante Fabbro             Simon Benoit             40     2   2  1  

Last Minutes Offensive
   Center                   Left Wing                Right Wing               Defense                  Defense                  
   Jean-Gabriel Pageau      Pius Suter               John-Jason Peterka       Dmitri Voronkov          Brandon Montour          

Last Minutes Defensive
   Center                   Left Wing                Right Wing               Defense                  Defense                  
   Jean-Gabriel Pageau      Pius Suter               Robby Fabbri             Alex Pietrangelo         Rasmus Andersson         

Goaltenders
Starting : Anthony Stolarz          
Backup : Thatcher Demko           

Extra Forwards
Normal : Dmitri Voronkov, Yegor Chinakhov, Eetu Luostarinen - PP : Eetu Luostarinen, Yegor Chinakhov - PK : Eetu Luostarinen
Extra Defensemen
Normal : Rasmus Andersson, Dante Fabbro, Simon Benoit - PP : Rasmus Andersson - PK : Dante Fabbro, Brandon Montour
Penalty Shots
Dmitri Voronkov, Jake Neighbours, John-Jason Peterka, Pius Suter, Yegor Sharangovich

Scratches
Evan Rodrigues (Healthy), Ryan Hartman (Healthy), Parker Wotherspoon (Healthy), Nick Perbix (Healthy), Mads Sogaard (Healthy)

New York Rangers

5 vs 5 Forward 
   Center                   Left Wing                Right Wing               Time % Phy DF OF 
 1 Nathan MacKinnon         Cole Caufield            Artemi Panarin           38     0   2  3  
 2 Dylan Strome             Conor Garland            Mikael Granlund          30     1   1  3  
 3 Teuvo Teravainen         Timo Meier               Marcus Foligno           22     1   2  2  
 4 Noel Acciari             David Kampf              Tyler Motte              10     1   3  1  

5 vs 5 Defense 
   Defense                  Defense                                           Time % Phy DF OF 
 1 Jake Walman              Adam Larsson                                      36     1   2  2  
 2 Olli Maatta              Luke Schenn                                       34     1   2  2  
 3 Cam Fowler               Dmitry Kulikov                                    30     1   2  2  
 4 Jake Walman              Adam Larsson                                      0      1   2  2  

PowerPlay Forward 
   Center                   Left Wing                Right Wing               Time % Phy DF OF 
 1 Nathan MacKinnon         Cole Caufield            Artemi Panarin           60     0   1  4  
 2 Dylan Strome             Timo Meier               Conor Garland            40     0   1  4  

PowerPlay Defense
   Defense                  Defense                                           Time % Phy DF OF 
 1 Mikael Granlund          Jake Walman                                       60     1   1  3  
 2 Cam Fowler               Teuvo Teravainen                                  40     1   1  3  

Penalty Kill 4 Players Forward 
   Center                   Wing                     Time % Phy DF OF 
 1 David Kampf              Marcus Foligno           50     1   3  1  
 2 Mikael Granlund          Tyler Motte              50     1   3  1  

Penalty Kill 4 Players Defense
   Defense                  Defense                  Time % Phy DF OF 
 1 Jake Walman              Dmitry Kulikov           50     1   3  1  
 2 Adam Larsson             Olli Maatta              50     1   3  1  

Penalty Kill - 3 Players Forward 
   Forward                                           Time % Phy DF OF 
 1 Noel Acciari                                      50     1   4  0  
 2 Mikael Granlund                                   50     1   4  0  

Penalty Kill - 3 Players Defense
   Defense                  Defense                  Time % Phy DF OF 
 1 Dmitry Kulikov           Jake Walman              50     1   3  1  
 2 Adam Larsson             Olli Maatta              50     1   3  1  

4 vs 4 Forward 
   Center                   Wing                     Time % Phy DF OF 
 1 Nathan MacKinnon         Mikael Granlund          50     1   2  2  
 2 Artemi Panarin           Cole Caufield            50     1   2  2  

4 vs 4 Defense
   Defense                  Defense                  Time % Phy DF OF 
 1 Olli Maatta              Adam Larsson             50     1   2  2  
 2 Jake Walman              Luke Schenn              50     1   2  2  

Last Minutes Offensive
   Center                   Left Wing                Right Wing               Defense                  Defense                  
   Nathan MacKinnon         Cole Caufield            Artemi Panarin           Cam Fowler               Jake Walman              

Last Minutes Defensive
   Center                   Left Wing                Right Wing               Defense                  Defense                  
   Noel Acciari             Mikael Granlund          Marcus Foligno           Jake Walman              Adam Larsson             

Goaltenders
Starting : Igor Shesterkin          
Backup : Kevin Lankinen           

Extra Forwards
Normal : Dylan Strome, Teuvo Teravainen, Mikael Granlund - PP : Dylan Strome, Teuvo Teravainen - PK : Mikael Granlund
Extra Defensemen
Normal : Cam Fowler, Dmitry Kulikov, Jake Walman - PP : Cam Fowler - PK : Dmitry Kulikov, Jake Walman
Penalty Shots
Nathan MacKinnon, Artemi Panarin, Cole Caufield, Mikael Granlund, Teuvo Teravainen

Scratches
Nicolas Hague (Healthy)

% Time on Ice - Nashville Predators

Lines # - Real PCT - Wanted PCT - Time Play
Normal Forward
1 - 33% - 35% - 16:45
2 - 31% - 35% - 15:47
3 - 19% - 15% - 9:32
4 - 18% - 15% - 9:17
Normal Defense
1 - 39% - 40% - 20:09
2 - 37% - 36% - 19:03
3 - 23% - 24% - 11:55
4 - 0% - 0% - 0:14
PP Forward
1 - 42% - 65% - 2:47
2 - 58% - 35% - 3:53
PP Defense
1 - 53% - 50% - 3:33
2 - 47% - 50% - 3:07
PK Forward
1 - 100% - 65% - 1:59
2 - 0% - 35% - 0:00
PK Defense
1 - 58% - 60% - 1:09
2 - 42% - 40% - 0:50
PK3 Forward
1 - 0% - 50%
2 - 0% - 50%
PK3 Defense
1 - 0% - 50%
2 - 0% - 50%
44 Forward
1 - 0% - 50%
2 - 0% - 50%
44 Defense
1 - 0% - 60%
2 - 0% - 40%
Last Minute Offensive  - 0:00
Last Minute Defensive  - 0:00
Total
Forward - 60:00
Defense - 60:00

% Time on Ice - New York Rangers

Lines # - Real PCT - Wanted PCT - Time Play
Normal Forward
1 - 37% - 38% - 19:11
2 - 29% - 30% - 15:06
3 - 22% - 22% - 11:12
4 - 11% - 10% - 5:52
Normal Defense
1 - 37% - 36% - 18:58
2 - 34% - 34% - 17:28
3 - 29% - 30% - 14:55
4 - 0% - 0% - 0:00
PP Forward
1 - 54% - 60% - 1:04
2 - 46% - 40% - 0:55
PP Defense
1 - 65% - 60% - 1:17
2 - 35% - 40% - 0:42
PK Forward
1 - 52% - 50% - 3:26
2 - 49% - 50% - 3:14
PK Defense
1 - 51% - 50% - 3:23
2 - 49% - 50% - 3:17
PK3 Forward
1 - 0% - 50%
2 - 0% - 50%
PK3 Defense
1 - 0% - 50%
2 - 0% - 50%
44 Forward
1 - 0% - 50%
2 - 0% - 50%
44 Defense
1 - 0% - 50%
2 - 0% - 50%
Last Minute Offensive  - 0:00
Last Minute Defensive  - 0:00
Total
Forward - 60:00
Defense - 60:00

Play-by-Play

1st period


0:01 of 1st period - Nathan MacKinnon wins face-off versus Marco Kasper in neutral zone.
0:44 of 1st period - Snap shot by Nathan MacKinnon.
0:44 of 1st period - Shot Misses the Net.
0:46 of 1st period - Snap shot by Adam Larsson.
0:46 of 1st period - Stopped by Anthony Stolarz with a rebound.
0:48 of 1st period - Snap shot by Adam Larsson.
0:48 of 1st period - Shot Misses the Net.
0:50 of 1st period - Slapshot by Adam Larsson.
0:50 of 1st period - Shot Blocked by Yegor Sharangovich.
0:54 of 1st period - Snap shot by Artemi Panarin.
0:54 of 1st period - Shot Misses the Net.
0:56 of 1st period - Slapshot by Jake Walman.
0:56 of 1st period - Stopped by Anthony Stolarz without a rebound.
0:57 of 1st period - Dylan Strome wins face-off versus Jean-Gabriel Pageau in Nashville Predators zone.
2:08 of 1st period - Icing by Dmitry Kulikov.
2:09 of 1st period - Jean-Gabriel Pageau wins face-off versus Dylan Strome in New York Rangers zone.
2:12 of 1st period - Wrist shot by Dmitri Voronkov.
2:12 of 1st period - Stopped by Igor Shesterkin without a rebound.
2:13 of 1st period - Teuvo Teravainen wins face-off versus Jean-Gabriel Pageau in New York Rangers zone.
2:28 of 1st period - Wrist shot by Teuvo Teravainen.
2:28 of 1st period - Stopped by Anthony Stolarz without a rebound.
2:29 of 1st period - Dylan Strome wins face-off versus Nikita Alexandrov in Nashville Predators zone.
2:36 of 1st period - Slapshot by Conor Garland.
2:36 of 1st period - Deflect By Dylan Strome.
2:36 of 1st period - Stopped by Anthony Stolarz with a rebound.
2:56 of 1st period - Nathan MacKinnon is hit by Brandon Montour and loses puck.
3:21 of 1st period - Snap shot by Yegor Sharangovich.
3:21 of 1st period - Shot Misses the Net.
3:23 of 1st period - Minor Penalty to Marcus Foligno for Roughing.
3:24 of 1st period - David Kampf wins face-off versus Marco Kasper in New York Rangers zone.
3:24 of 1st period - David Kampf is hit by Marco Kasper.
3:55 of 1st period - Icing by Jake Neighbours.
3:56 of 1st period - David Kampf wins face-off versus Jean-Gabriel Pageau in Nashville Predators zone.
3:57 of 1st period - Wrist shot by Cole Caufield.
3:57 of 1st period - Deflect By David Kampf.
3:57 of 1st period - Stopped by Anthony Stolarz with a rebound.
4:25 of 1st period - Tyler Motte is hit by John-Jason Peterka and loses puck.
5:23 of 1st period - Penalty to Marcus Foligno is over, Marcus Foligno is back on ice.
5:50 of 1st period - Off-side.
5:51 of 1st period - Nathan MacKinnon wins face-off versus Yegor Chinakhov in neutral zone.
6:16 of 1st period - Jean-Gabriel Pageau is hit by Teuvo Teravainen and loses puck.
6:23 of 1st period - Snap shot by Teuvo Teravainen.
6:23 of 1st period - Shot Misses the Net.
6:25 of 1st period - Slapshot by Adam Larsson.
6:25 of 1st period - Deflect By Jean-Gabriel Pageau.
6:25 of 1st period - Stopped by Anthony Stolarz with a rebound.
6:28 of 1st period - Icing by Alex Pietrangelo.
6:29 of 1st period - Nathan MacKinnon wins face-off versus Jean-Gabriel Pageau in Nashville Predators zone.
6:32 of 1st period - Snap shot by Nathan MacKinnon.
6:32 of 1st period - Goal by Nathan MacKinnon - Nashville Predators : 0 - New York Rangers : 1.
6:33 of 1st period - Marco Kasper wins face-off versus Nathan MacKinnon in neutral zone.
7:03 of 1st period - Snap shot by Jake Neighbours.
7:03 of 1st period - Stopped by Igor Shesterkin with a rebound.
7:05 of 1st period - Snap shot by Dmitri Voronkov.
7:05 of 1st period - Shot Blocked by Cam Fowler.
7:07 of 1st period - Snap shot by Dante Fabbro.
7:07 of 1st period - Stopped by Igor Shesterkin with a rebound.
7:16 of 1st period - Off-side.
7:17 of 1st period - Teuvo Teravainen wins face-off versus Jack Roslovic in neutral zone.
7:54 of 1st period - Icing by Nathan MacKinnon.
7:55 of 1st period - Nathan MacKinnon wins face-off versus Jean-Gabriel Pageau in New York Rangers zone.
8:21 of 1st period - Adam Larsson is hit by John-Jason Peterka and loses puck.
8:28 of 1st period - Snap shot by John-Jason Peterka.
8:28 of 1st period - Shot Misses the Net.
8:30 of 1st period - Slapshot by Rasmus Andersson.
8:30 of 1st period - Shot Misses the Net.
9:27 of 1st period - Wrist shot by Artemi Panarin.
9:27 of 1st period - Deflect By Nathan MacKinnon.
9:27 of 1st period - Shot Blocked by Alex Pietrangelo.
9:27 of 1st period - Puck is out of play.
9:28 of 1st period - Jean-Gabriel Pageau wins face-off versus Nathan MacKinnon in Nashville Predators zone.
9:33 of 1st period - Wrist shot by Jake Neighbours.
9:33 of 1st period - Goal by Jake Neighbours - Nashville Predators : 1 - New York Rangers : 1.
9:34 of 1st period - Dylan Strome wins face-off versus Marco Kasper in neutral zone.
9:49 of 1st period - Snap shot by John-Jason Peterka.
9:49 of 1st period - Shot Misses the Net.
10:28 of 1st period - Off-side.
10:29 of 1st period - Eetu Luostarinen wins face-off versus Marcus Foligno in neutral zone.
10:32 of 1st period - Snap shot by Robby Fabbri.
10:32 of 1st period - Stopped by Igor Shesterkin with a rebound.
10:52 of 1st period - Slapshot by Teuvo Teravainen.
10:52 of 1st period - Deflect By Timo Meier.
10:52 of 1st period - Shot Blocked by Jordan Spence.
10:52 of 1st period - Puck is out of play.
10:53 of 1st period - Marco Kasper wins face-off versus Conor Garland in Nashville Predators zone.
11:14 of 1st period - Brandon Montour is hit by Mikael Granlund and loses puck.
11:25 of 1st period - Wrist shot by John-Jason Peterka.
11:25 of 1st period - Shot Misses the Net.
11:27 of 1st period - Snap shot by Marco Kasper.
11:27 of 1st period - Deflect By Mikael Granlund.
11:27 of 1st period - Stopped by Igor Shesterkin with a rebound.
11:29 of 1st period - Snap shot by Marco Kasper.
11:29 of 1st period - Shot Misses the Net.
11:55 of 1st period - Wrist shot by Marco Kasper.
11:55 of 1st period - Deflect By John-Jason Peterka.
11:55 of 1st period - Shot Misses the Net.
11:55 of 1st period - Puck is out of play.
11:56 of 1st period - Nathan MacKinnon wins face-off versus Jean-Gabriel Pageau in New York Rangers zone.
12:11 of 1st period - Simon Benoit is hit by Luke Schenn and loses puck.
12:22 of 1st period - Jordan Spence is hit by David Kampf and loses puck.
12:27 of 1st period - Snap shot by David Kampf.
12:27 of 1st period - Stopped by Anthony Stolarz without a rebound.
12:28 of 1st period - Jack Roslovic wins face-off versus Noel Acciari in Nashville Predators zone.
12:35 of 1st period - Slapshot by Yegor Chinakhov.
12:35 of 1st period - Deflect By Yegor Sharangovich.
12:35 of 1st period - Stopped by Igor Shesterkin with a rebound.
14:01 of 1st period - Simon Benoit is hit by Noel Acciari and loses puck.
14:08 of 1st period - Dmitry Kulikov is hit by Yegor Sharangovich and loses puck.
14:51 of 1st period - Dmitry Kulikov is hit by Eetu Luostarinen and loses puck.
15:14 of 1st period - John-Jason Peterka is hit by Dmitry Kulikov and loses puck.
15:29 of 1st period - Snap shot by Nathan MacKinnon.
15:29 of 1st period - Stopped by Anthony Stolarz without a rebound.
15:30 of 1st period - Jean-Gabriel Pageau wins face-off versus Nathan MacKinnon in Nashville Predators zone.
15:40 of 1st period - Off-side.
15:41 of 1st period - Nathan MacKinnon wins face-off versus Jean-Gabriel Pageau in neutral zone.
15:52 of 1st period - Snap shot by Artemi Panarin.
15:52 of 1st period - Shot Misses the Net.
16:15 of 1st period - Olli Maatta is hit by Marco Kasper and loses puck.
16:32 of 1st period - Marcus Foligno is hit by Rasmus Andersson and loses puck.
16:53 of 1st period - Wrist shot by Eetu Luostarinen.
16:53 of 1st period - Shot Misses the Net.
16:55 of 1st period - Slapshot by Jordan Spence.
16:55 of 1st period - Shot Misses the Net.
17:50 of 1st period - Conor Garland is hit by Nikita Alexandrov and loses puck.
18:01 of 1st period - Wrist shot by Robby Fabbri.
18:01 of 1st period - Stopped by Igor Shesterkin with a rebound.
19:16 of 1st period - Wrist shot by Robby Fabbri.
19:16 of 1st period - Stopped by Igor Shesterkin with a rebound.
19:30 of 1st period - Snap shot by Yegor Chinakhov.
19:30 of 1st period - Shot Blocked by Nathan MacKinnon.
19:32 of 1st period - Wrist shot by Yegor Sharangovich.
19:32 of 1st period - Shot Blocked by Cam Fowler.
19:34 of 1st period - Wrist shot by Yegor Chinakhov.
19:34 of 1st period - Stopped by Igor Shesterkin with a rebound.
19:55 of 1st period - Jean-Gabriel Pageau is hit by Jake Walman and loses puck.
Goals for this period are 1 for Nashville Predators vs 1 for New York Rangers.
Shots for this period are 10 for Nashville Predators vs 9 for New York Rangers.

2nd period


0:01 of 2nd period - Jean-Gabriel Pageau wins face-off versus Nathan MacKinnon in neutral zone.
0:04 of 2nd period - Slapshot by Brandon Montour.
0:04 of 2nd period - Shot Misses the Net.
0:25 of 2nd period - Icing by John-Jason Peterka.
0:26 of 2nd period - Dylan Strome wins face-off versus Marco Kasper in Nashville Predators zone.
0:33 of 2nd period - Slapshot by Conor Garland.
0:33 of 2nd period - Stopped by Anthony Stolarz with a rebound.
0:35 of 2nd period - Slapshot by Luke Schenn.
0:35 of 2nd period - Stopped by Anthony Stolarz with a rebound.
1:04 of 2nd period - Olli Maatta is hit by Dmitri Voronkov and loses puck.
1:21 of 2nd period - Snap shot by Timo Meier.
1:21 of 2nd period - Stopped by Anthony Stolarz with a rebound.
1:23 of 2nd period - Slapshot by Luke Schenn.
1:23 of 2nd period - Shot Blocked by Yegor Sharangovich.
1:59 of 2nd period - Tyler Motte is hit by Alex Pietrangelo and loses puck.
2:04 of 2nd period - Snap shot by Eetu Luostarinen.
2:04 of 2nd period - Stopped by Igor Shesterkin with a rebound.
2:06 of 2nd period - Snap shot by Nikita Alexandrov.
2:06 of 2nd period - Deflect By Eetu Luostarinen.
2:06 of 2nd period - Stopped by Igor Shesterkin without a rebound.
2:07 of 2nd period - Nathan MacKinnon wins face-off versus Jake Neighbours in New York Rangers zone.
2:09 of 2nd period - Icing by Artemi Panarin.
2:10 of 2nd period - Nathan MacKinnon wins face-off versus Jean-Gabriel Pageau in New York Rangers zone.
2:10 of 2nd period - Nathan MacKinnon is hit by Jean-Gabriel Pageau.
2:24 of 2nd period - Slapshot by Brandon Montour.
2:24 of 2nd period - Stopped by Igor Shesterkin without a rebound.
2:25 of 2nd period - Teuvo Teravainen wins face-off versus Marco Kasper in New York Rangers zone.
2:30 of 2nd period - Wrist shot by John-Jason Peterka.
2:30 of 2nd period - Shot Misses the Net.
3:26 of 2nd period - Snap shot by Dylan Strome.
3:26 of 2nd period - Shot Misses the Net.
3:31 of 2nd period - Icing by Yegor Chinakhov.
3:32 of 2nd period - Jack Roslovic wins face-off versus Nathan MacKinnon in Nashville Predators zone.
4:07 of 2nd period - Brandon Montour is hit by Adam Larsson and loses puck.
4:40 of 2nd period - Noel Acciari is hit by Brandon Montour and loses puck.
5:05 of 2nd period - Wrist shot by Brandon Montour.
5:05 of 2nd period - Deflect By Yegor Chinakhov.
5:05 of 2nd period - Shot Misses the Net.
5:05 of 2nd period - Puck is out of play.
5:06 of 2nd period - Nathan MacKinnon wins face-off versus Jack Roslovic in New York Rangers zone.
5:49 of 2nd period - Snap shot by Artemi Panarin.
5:49 of 2nd period - Shot Misses the Net.
6:01 of 2nd period - Off-side.
6:02 of 2nd period - Jean-Gabriel Pageau wins face-off versus Dylan Strome in neutral zone.
6:16 of 2nd period - Slapshot by Mikael Granlund.
6:16 of 2nd period - Shot Blocked by Jean-Gabriel Pageau.
6:35 of 2nd period - Jordan Spence is hit by Timo Meier and loses puck.
7:07 of 2nd period - David Kampf is hit by Simon Benoit and loses puck.
7:16 of 2nd period - Luke Schenn is hit by Marco Kasper and loses puck.
8:23 of 2nd period - Wrist shot by Timo Meier.
8:23 of 2nd period - Shot Misses the Net.
8:25 of 2nd period - Snap shot by Olli Maatta.
8:25 of 2nd period - Shot Misses the Net.
9:19 of 2nd period - Marcus Foligno is hit by Simon Benoit and loses puck.
9:30 of 2nd period - Minor Penalty to Marcus Foligno for Cross-checking.
9:31 of 2nd period - Marco Kasper wins face-off versus Mikael Granlund in New York Rangers zone.
9:47 of 2nd period - Snap shot by Mikael Granlund.
9:47 of 2nd period - Shot Blocked by Brandon Montour.
10:01 of 2nd period - Wrist shot by Jake Neighbours.
10:01 of 2nd period - Shot Blocked by Olli Maatta.
10:03 of 2nd period - Snap shot by Dmitri Voronkov.
10:03 of 2nd period - Shot Misses the Net.
10:05 of 2nd period - Slapshot by Alex Pietrangelo.
10:05 of 2nd period - Shot Misses the Net.
10:07 of 2nd period - Wrist shot by Jean-Gabriel Pageau.
10:07 of 2nd period - Shot Blocked by Olli Maatta.
10:09 of 2nd period - Slapshot by Alex Pietrangelo.
10:09 of 2nd period - Deflect By Jean-Gabriel Pageau.
10:09 of 2nd period - Shot Misses the Net.
10:09 of 2nd period - Puck is out of play.
10:10 of 2nd period - Mikael Granlund wins face-off versus Jean-Gabriel Pageau in New York Rangers zone.
10:21 of 2nd period - Mikael Granlund is hit by Jordan Spence and loses puck.
10:47 of 2nd period - Olli Maatta is hit by Brandon Montour and loses puck.
11:02 of 2nd period - Wrist shot by Jake Neighbours.
11:02 of 2nd period - Stopped by Igor Shesterkin with a rebound.
11:30 of 2nd period - Penalty to Marcus Foligno is over, Marcus Foligno is back on ice.
11:36 of 2nd period - Wrist shot by Marcus Foligno.
11:36 of 2nd period - Shot Misses the Net.
11:38 of 2nd period - Slapshot by Dmitry Kulikov.
11:38 of 2nd period - Deflect By Marcus Foligno.
11:38 of 2nd period - Shot Blocked by Jean-Gabriel Pageau.
11:38 of 2nd period - Puck is out of play.
11:39 of 2nd period - Teuvo Teravainen wins face-off versus Marco Kasper in Nashville Predators zone.
11:44 of 2nd period - Wrist shot by Timo Meier.
11:44 of 2nd period - Shot Blocked by John-Jason Peterka.
12:04 of 2nd period - Nikita Alexandrov is hit by Conor Garland and loses puck.
12:52 of 2nd period - Snap shot by John-Jason Peterka.
12:52 of 2nd period - Stopped by Igor Shesterkin without a rebound.
12:53 of 2nd period - Marco Kasper wins face-off versus Dylan Strome in New York Rangers zone.
13:06 of 2nd period - Rasmus Andersson is hit by Luke Schenn and loses puck.
13:25 of 2nd period - Slapshot by Artemi Panarin.
13:25 of 2nd period - Stopped by Anthony Stolarz without a rebound.
13:26 of 2nd period - Nathan MacKinnon wins face-off versus Jack Roslovic in Nashville Predators zone.
13:35 of 2nd period - Wrist shot by Nathan MacKinnon.
13:35 of 2nd period - Deflect By Artemi Panarin.
13:35 of 2nd period - Shot Misses the Net.
13:35 of 2nd period - Puck is out of play.
13:36 of 2nd period - Jack Roslovic wins face-off versus Nathan MacKinnon in Nashville Predators zone.
13:36 of 2nd period - Jack Roslovic is hit by Artemi Panarin.
14:10 of 2nd period - Slapshot by Yegor Chinakhov.
14:10 of 2nd period - Shot Blocked by Cole Caufield.
14:12 of 2nd period - Wrist shot by Rasmus Andersson.
14:12 of 2nd period - Stopped by Igor Shesterkin with a rebound.
14:14 of 2nd period - Snap shot by Yegor Sharangovich.
14:14 of 2nd period - Shot Blocked by Jake Walman.
14:18 of 2nd period - Snap shot by Yegor Chinakhov.
14:18 of 2nd period - Stopped by Igor Shesterkin with a rebound.
14:20 of 2nd period - Slapshot by Dante Fabbro.
14:20 of 2nd period - Shot Blocked by Artemi Panarin.
14:22 of 2nd period - Snap shot by Yegor Sharangovich.
14:22 of 2nd period - Shot Blocked by Adam Larsson.
14:24 of 2nd period - Slapshot by Rasmus Andersson.
14:24 of 2nd period - Stopped by Igor Shesterkin without a rebound.
14:25 of 2nd period - Dylan Strome wins face-off versus Jake Neighbours in New York Rangers zone.
14:32 of 2nd period - Snap shot by Mikael Granlund.
14:32 of 2nd period - Deflect By Dylan Strome.
14:32 of 2nd period - Shot Blocked by Jean-Gabriel Pageau.
14:32 of 2nd period - Puck is out of play.
14:33 of 2nd period - Jake Neighbours wins face-off versus Dylan Strome in Nashville Predators zone.
14:33 of 2nd period - Jake Neighbours is hit by Dylan Strome.
14:47 of 2nd period - Snap shot by Jake Neighbours.
14:47 of 2nd period - Stopped by Igor Shesterkin without a rebound.
14:48 of 2nd period - Cole Caufield wins face-off versus Marco Kasper in New York Rangers zone.
14:48 of 2nd period - Cole Caufield is hit by Pius Suter.
15:21 of 2nd period - Snap shot by Dmitri Voronkov.
15:21 of 2nd period - Stopped by Igor Shesterkin without a rebound.
15:22 of 2nd period - Teuvo Teravainen wins face-off versus Dmitri Voronkov in New York Rangers zone.
16:25 of 2nd period - Slapshot by Yegor Chinakhov.
16:25 of 2nd period - Stopped by Igor Shesterkin with a rebound.
16:43 of 2nd period - Wrist shot by David Kampf.
16:43 of 2nd period - Shot Blocked by Jordan Spence.
16:59 of 2nd period - Snap shot by Dmitri Voronkov.
16:59 of 2nd period - Deflect By Teuvo Teravainen.
16:59 of 2nd period - Shot Misses the Net.
16:59 of 2nd period - Puck is out of play.
17:00 of 2nd period - Jean-Gabriel Pageau wins face-off versus Teuvo Teravainen in New York Rangers zone.
17:07 of 2nd period - Slapshot by Dmitri Voronkov.
17:07 of 2nd period - Deflect By Jean-Gabriel Pageau.
17:07 of 2nd period - Shot Blocked by Marcus Foligno.
17:07 of 2nd period - Puck is out of play.
17:08 of 2nd period - Nathan MacKinnon wins face-off versus Dmitri Voronkov in New York Rangers zone.
17:33 of 2nd period - Brandon Montour is hit by Mikael Granlund and loses puck.
18:03 of 2nd period - Slapshot by Cam Fowler.
18:03 of 2nd period - Stopped by Anthony Stolarz without a rebound.
18:04 of 2nd period - Jean-Gabriel Pageau wins face-off versus Nathan MacKinnon in Nashville Predators zone.
18:21 of 2nd period - Jean-Gabriel Pageau is hit by Artemi Panarin and loses puck.
18:42 of 2nd period - Snap shot by Conor Garland.
18:42 of 2nd period - Stopped by Anthony Stolarz without a rebound.
18:43 of 2nd period - Nikita Alexandrov wins face-off versus Teuvo Teravainen in Nashville Predators zone.
18:43 of 2nd period - Nikita Alexandrov is hit by Marcus Foligno.
19:13 of 2nd period - Wrist shot by Cole Caufield.
19:13 of 2nd period - Stopped by Anthony Stolarz with a rebound.
19:15 of 2nd period - Snap shot by Artemi Panarin.
19:15 of 2nd period - Shot Blocked by Alex Pietrangelo.
19:17 of 2nd period - Snap shot by Artemi Panarin.
19:17 of 2nd period - Goal by Artemi Panarin - Nashville Predators : 1 - New York Rangers : 2.
19:18 of 2nd period - Nathan MacKinnon wins face-off versus Jean-Gabriel Pageau in neutral zone.
19:20 of 2nd period - Off-side.
19:21 of 2nd period - Nathan MacKinnon wins face-off versus Jean-Gabriel Pageau in neutral zone.
Goals for this period are 0 for Nashville Predators vs 1 for New York Rangers.
Shots for this period are 11 for Nashville Predators vs 8 for New York Rangers.

3rd period


0:01 of 3rd period - Marco Kasper wins face-off versus Dylan Strome in neutral zone.
1:14 of 3rd period - Snap shot by Marco Kasper.
1:14 of 3rd period - Shot Blocked by Jake Walman.
1:16 of 3rd period - Wrist shot by Marco Kasper.
1:16 of 3rd period - Deflect By John-Jason Peterka.
1:16 of 3rd period - Shot Misses the Net.
1:16 of 3rd period - Puck is out of play.
1:17 of 3rd period - Dylan Strome wins face-off versus Jean-Gabriel Pageau in New York Rangers zone.
1:17 of 3rd period - Dylan Strome is hit by Dmitri Voronkov.
1:47 of 3rd period - Snap shot by Yegor Sharangovich.
1:47 of 3rd period - Shot Misses the Net.
2:11 of 3rd period - Snap shot by Nathan MacKinnon.
2:11 of 3rd period - Shot Misses the Net.
2:13 of 3rd period - Slapshot by Dmitry Kulikov.
2:13 of 3rd period - Stopped by Anthony Stolarz with a rebound.
2:15 of 3rd period - Slapshot by Dmitry Kulikov.
2:15 of 3rd period - Shot Blocked by Jordan Spence.
2:17 of 3rd period - Slapshot by Artemi Panarin.
2:17 of 3rd period - Stopped by Anthony Stolarz with a rebound.
2:19 of 3rd period - Wrist shot by Artemi Panarin.
2:19 of 3rd period - Shot Misses the Net.
2:21 of 3rd period - Slapshot by Dmitry Kulikov.
2:21 of 3rd period - Stopped by Anthony Stolarz without a rebound.
2:22 of 3rd period - Jean-Gabriel Pageau wins face-off versus Teuvo Teravainen in Nashville Predators zone.
2:35 of 3rd period - Snap shot by Jean-Gabriel Pageau.
2:35 of 3rd period - Shot Misses the Net.
2:37 of 3rd period - Wrist shot by Jean-Gabriel Pageau.
2:37 of 3rd period - Shot Blocked by Adam Larsson.
3:13 of 3rd period - Brandon Montour is hit by Noel Acciari and loses puck.
3:33 of 3rd period - Mikael Granlund is hit by Pius Suter and loses puck.
3:42 of 3rd period - John-Jason Peterka is hit by Mikael Granlund and loses puck.
3:57 of 3rd period - Marcus Foligno is hit by Jake Neighbours and loses puck.
4:07 of 3rd period - Icing by Olli Maatta.
4:08 of 3rd period - Teuvo Teravainen wins face-off versus Nikita Alexandrov in New York Rangers zone.
4:31 of 3rd period - Snap shot by Marcus Foligno.
4:31 of 3rd period - Stopped by Anthony Stolarz with a rebound.
4:33 of 3rd period - Wrist shot by Luke Schenn.
4:33 of 3rd period - Shot Misses the Net.
4:35 of 3rd period - Wrist shot by Teuvo Teravainen.
4:35 of 3rd period - Goal by Teuvo Teravainen - Nashville Predators : 1 - New York Rangers : 3.
4:36 of 3rd period - Jean-Gabriel Pageau wins face-off versus Nathan MacKinnon in neutral zone.
4:41 of 3rd period - Wrist shot by Jake Neighbours.
4:41 of 3rd period - Shot Misses the Net.
4:46 of 3rd period - Jake Walman is hit by Simon Benoit and loses puck.
4:49 of 3rd period - Snap shot by Adam Larsson.
4:49 of 3rd period - Stopped by Anthony Stolarz with a rebound.
4:58 of 3rd period - Minor Penalty to Jake Walman for Roughing.
4:59 of 3rd period - Marco Kasper wins face-off versus Mikael Granlund in New York Rangers zone.
6:03 of 3rd period - Snap shot by Jake Neighbours.
6:03 of 3rd period - Shot Misses the Net.
6:05 of 3rd period - Snap shot by Jake Neighbours.
6:05 of 3rd period - Shot Misses the Net.
6:07 of 3rd period - Snap shot by Dmitri Voronkov.
6:07 of 3rd period - Goal by Dmitri Voronkov - Nashville Predators : 2 - New York Rangers : 3.
6:08 of 3rd period - Nathan MacKinnon wins face-off versus Marco Kasper in neutral zone.
6:13 of 3rd period - Snap shot by Artemi Panarin.
6:13 of 3rd period - Stopped by Anthony Stolarz with a rebound.
6:15 of 3rd period - Snap shot by Artemi Panarin.
6:15 of 3rd period - Shot Misses the Net.
6:17 of 3rd period - Wrist shot by Nathan MacKinnon.
6:17 of 3rd period - Shot Hit the Post.
6:19 of 3rd period - Slapshot by Olli Maatta.
6:19 of 3rd period - Shot Misses the Net.
6:21 of 3rd period - Slapshot by Nathan MacKinnon.
6:21 of 3rd period - Deflect By Cole Caufield.
6:21 of 3rd period - Shot Misses the Net.
6:21 of 3rd period - Puck is out of play.
6:22 of 3rd period - Jean-Gabriel Pageau wins face-off versus Nathan MacKinnon in Nashville Predators zone.
6:26 of 3rd period - Icing by Dmitri Voronkov.
6:27 of 3rd period - Nathan MacKinnon wins face-off versus Jean-Gabriel Pageau in Nashville Predators zone.
6:30 of 3rd period - Snap shot by Nathan MacKinnon.
6:30 of 3rd period - Stopped by Anthony Stolarz with a rebound.
6:38 of 3rd period - Cole Caufield is hit by Jake Neighbours and loses puck.
7:12 of 3rd period - Wrist shot by Nathan MacKinnon.
7:12 of 3rd period - Stopped by Anthony Stolarz with a rebound.
8:40 of 3rd period - Slapshot by Jake Walman.
8:40 of 3rd period - Shot Misses the Net.
8:42 of 3rd period - Slapshot by Jake Walman.
8:42 of 3rd period - Deflect By Teuvo Teravainen.
8:42 of 3rd period - Shot Blocked by Dante Fabbro.
8:42 of 3rd period - Puck is out of play.
8:43 of 3rd period - Marco Kasper wins face-off versus Marcus Foligno in Nashville Predators zone.
8:52 of 3rd period - Slapshot by Timo Meier.
8:52 of 3rd period - Stopped by Anthony Stolarz without a rebound.
8:53 of 3rd period - Teuvo Teravainen wins face-off versus Jean-Gabriel Pageau in Nashville Predators zone.
8:56 of 3rd period - Snap shot by Teuvo Teravainen.
8:56 of 3rd period - Shot Blocked by Dante Fabbro.
9:29 of 3rd period - Snap shot by John-Jason Peterka.
9:29 of 3rd period - Deflect By Marco Kasper.
9:29 of 3rd period - Stopped by Igor Shesterkin without a rebound.
9:30 of 3rd period - Pius Suter wins face-off versus Nathan MacKinnon in New York Rangers zone.
9:44 of 3rd period - Icing by Artemi Panarin.
9:45 of 3rd period - Jean-Gabriel Pageau wins face-off versus Nathan MacKinnon in New York Rangers zone.
10:53 of 3rd period - Wrist shot by Eetu Luostarinen.
10:53 of 3rd period - Shot Blocked by Noel Acciari.
10:55 of 3rd period - Wrist shot by Eetu Luostarinen.
10:55 of 3rd period - Shot Misses the Net.
10:57 of 3rd period - Slapshot by Jordan Spence.
10:57 of 3rd period - Shot Blocked by Cam Fowler.
10:59 of 3rd period - Snap shot by Nikita Alexandrov.
10:59 of 3rd period - Deflect By Eetu Luostarinen.
10:59 of 3rd period - Shot Misses the Net.
10:59 of 3rd period - Puck is out of play.
11:00 of 3rd period - Jean-Gabriel Pageau wins face-off versus Nathan MacKinnon in New York Rangers zone.
11:15 of 3rd period - Snap shot by Artemi Panarin.
11:15 of 3rd period - Stopped by Anthony Stolarz without a rebound.
11:16 of 3rd period - Marco Kasper wins face-off versus Dylan Strome in Nashville Predators zone.
11:23 of 3rd period - Wrist shot by John-Jason Peterka.
11:23 of 3rd period - Shot Misses the Net.
11:42 of 3rd period - Icing by Jean-Gabriel Pageau.
11:43 of 3rd period - Jean-Gabriel Pageau wins face-off versus Nathan MacKinnon in Nashville Predators zone.
12:07 of 3rd period - Jake Neighbours is hit by Cole Caufield and loses puck.
12:18 of 3rd period - Snap shot by Cole Caufield.
12:18 of 3rd period - Stopped by Anthony Stolarz with a rebound.
12:49 of 3rd period - Snap shot by Dmitri Voronkov.
12:49 of 3rd period - Shot Blocked by Jake Walman.
12:59 of 3rd period - Snap shot by Dmitri Voronkov.
12:59 of 3rd period - Stopped by Igor Shesterkin without a rebound.
13:00 of 3rd period - Dylan Strome wins face-off versus Marco Kasper in New York Rangers zone.
13:08 of 3rd period - Minor Penalty to Marco Kasper for Holding.
13:09 of 3rd period - Dylan Strome wins face-off versus Jean-Gabriel Pageau in Nashville Predators zone.
13:59 of 3rd period - Cole Caufield is hit by Simon Benoit and loses puck.
15:08 of 3rd period - Penalty to Marco Kasper is over, Marco Kasper is back on ice.
15:24 of 3rd period - Dante Fabbro is hit by Olli Maatta and loses puck.
15:41 of 3rd period - Snap shot by Cam Fowler.
15:41 of 3rd period - Stopped by Anthony Stolarz without a rebound.
15:42 of 3rd period - Jack Roslovic wins face-off versus David Kampf in Nashville Predators zone.
15:51 of 3rd period - Snap shot by Jack Roslovic.
15:51 of 3rd period - Shot Misses the Net.
16:08 of 3rd period - Icing by Alex Pietrangelo.
16:09 of 3rd period - Dylan Strome wins face-off versus Marco Kasper in Nashville Predators zone.
16:16 of 3rd period - Wrist shot by Conor Garland.
16:16 of 3rd period - Stopped by Anthony Stolarz with a rebound.
16:18 of 3rd period - Slapshot by Dylan Strome.
16:18 of 3rd period - Stopped by Anthony Stolarz with a rebound.
16:20 of 3rd period - Snap shot by Conor Garland.
16:20 of 3rd period - Stopped by Anthony Stolarz without a rebound.
16:21 of 3rd period - Teuvo Teravainen wins face-off versus Marco Kasper in Nashville Predators zone.
16:32 of 3rd period - Timo Meier is hit by Simon Benoit and loses puck.
16:54 of 3rd period - Slapshot by Brandon Montour.
16:54 of 3rd period - Shot Misses the Net.
16:56 of 3rd period - Slapshot by Alex Pietrangelo.
16:56 of 3rd period - Stopped by Igor Shesterkin without a rebound.
16:57 of 3rd period - Noel Acciari wins face-off versus Nikita Alexandrov in New York Rangers zone.
16:57 of 3rd period - Noel Acciari is hit by Brandon Montour.
17:13 of 3rd period - Wrist shot by Eetu Luostarinen.
17:13 of 3rd period - Stopped by Igor Shesterkin with a rebound.
17:15 of 3rd period - Wrist shot by Robby Fabbri.
17:15 of 3rd period - Deflect By Olli Maatta.
17:15 of 3rd period - Shot Misses the Net.
17:15 of 3rd period - Puck is out of play.
17:16 of 3rd period - Teuvo Teravainen wins face-off versus Marco Kasper in New York Rangers zone.
17:41 of 3rd period - Jake Walman is hit by Jake Neighbours and loses puck.
17:52 of 3rd period - Backhand shot by Dmitri Voronkov.
17:52 of 3rd period - Stopped by Igor Shesterkin with a rebound.
18:10 of 3rd period - Slapshot by Yegor Chinakhov.
18:10 of 3rd period - Deflect By Jack Roslovic.
18:10 of 3rd period - Shot Blocked by Adam Larsson.
18:10 of 3rd period - Puck is out of play.
18:11 of 3rd period - Teuvo Teravainen wins face-off versus Marco Kasper in New York Rangers zone.
18:11 of 3rd period - Teuvo Teravainen is hit by Pius Suter.
18:26 of 3rd period - Minor Penalty to Timo Meier for Tripping.
18:27 of 3rd period - Mikael Granlund wins face-off versus Marco Kasper in New York Rangers zone.
18:27 of 3rd period - Mikael Granlund is hit by Marco Kasper.
18:32 of 3rd period - Nashville Predators, Anthony Stolarz is pulled from the net.
18:36 of 3rd period - Wrist shot by Pius Suter.
18:36 of 3rd period - Stopped by Igor Shesterkin with a rebound.
18:38 of 3rd period - Slapshot by Pius Suter.
18:38 of 3rd period - Shot Misses the Net.
Goals for this period are 1 for Nashville Predators vs 1 for New York Rangers.
Shots for this period are 7 for Nashville Predators vs 16 for New York Rangers.